 Dungeon Crawl Stone Soup version 0.27-a0-906-g0a00ce863d (webtiles) character file.

Game seed: 8455114909434928026

1274 Lanoc the Insei (level 8, -2/60 HPs)
             Began as a Gnoll Transmuter on Apr 7, 2021.
             Was a Follower of Cheibriados.
             Killed by divine providence
             ... invoked by an orc priest
              (13 damage)
             ... on level 6 of the Dungeon.
             The game lasted 00:11:56 (7508 turns).

Lanoc the Insei (Gnoll Transmuter)                  Turns: 7508, Time: 00:11:56

Health: -2/60      AC:  2    Str: 13    XL:     8   Next: 53%
Magic:  14/17      EV: 27    Int: 16    God:    Cheibriados [*.....]
Gold:   337        SH:  0    Dex: 31    Spells: 13/19 levels left

rFire    . . .     SeeInvis .     - Unarmed
rCold    . . .     Faith    .   (shield currently unavailable)
rNeg     . . .     Spirit   .   (armour currently unavailable)
rPois    x         Reflect  .   (helmet currently unavailable)
rElec    .         Harm     .   (cloak currently unavailable)
rCorr    .         Rampage  .   (gloves currently unavailable)
Will     .....                  (boots currently unavailable)
Stlth    +++.......             (no amulet)
HPRegen  0.20/turn              i - +6 ring of dexterity
MPRegen  0.15/turn              n - +6 ring of dexterity

@: spider-form (expiring), wereblooded, very slow
A: venomous fangs, tiny, (fangs 1), strong nose, distributed training
a: End Transformation, Renounce Religion, Bend Time


You were on level 6 of the Dungeon.
You worshipped Cheibriados.
Cheibriados was aware of your devotion.
You were a venomous arachnid creature.
You visited 1 branch of the dungeon, and saw 6 of its levels.
You also visited: Sewer.

You collected 337 gold pieces.

Inventory:

Missiles
 r - 7 curare-tipped darts
Armour
 a - a +1 robe (melded)
Jewellery
 i - a +6 ring of dexterity (left front leg)
 n - a +6 ring of dexterity (right front leg)
Wands
 p - a wand of charming (5)
 q - a wand of flame (4)
Scrolls
 b - a scroll of vulnerability {unknown}
 g - 2 scrolls of teleportation
 l - 2 scrolls of enchant weapon {unknown}
 o - a scroll of amnesia {unknown}
 s - a scroll of immolation {unknown}
 t - a scroll of acquirement {unknown}
Potions
 c - 5 potions of flight {unknown}
 d - a potion of might {unknown}
 e - a potion of invisibility
 f - 2 potions of attraction
 h - 3 potions of curing
 j - 2 potions of magic
 k - a potion of haste
 m - a potion of brilliance {unknown}


   Skills:
 + Level 4.3 Fighting
 + Level 3.3 Short Blades
 + Level 3.3 Long Blades
 + Level 3.3 Axes
 + Level 3.3 Maces & Flails
 + Level 3.3 Polearms
 + Level 3.3 Staves
 + Level 3.3 Slings
 + Level 3.3 Bows
 + Level 3.3 Crossbows
 + Level 3.3 Throwing
 + Level 3.3 Armour
 + Level 5.7 Dodging
 + Level 3.3 Stealth
 + Level 3.3 Shields
 + Level 7.4 Unarmed Combat
 + Level 6.1 Spellcasting
 + Level 2.7 Conjurations
 + Level 2.7 Hexes
 + Level 2.7 Summonings
 + Level 2.7 Necromancy
 + Level 2.7 Translocations
 + Level 4.7 Transmutations
 + Level 2.7 Fire Magic
 + Level 2.7 Ice Magic
 + Level 2.7 Air Magic
 + Level 2.7 Earth Magic
 + Level 2.7 Poison Magic
 + Level 3.7 Invocations
 + Level 3.3 Evocations


You had 13 spell levels left.
You knew the following spells:

 Your Spells              Type           Power      Damage    Failure   Level
f - Spider Form           Tmut/Pois      8%         N/A       22%         3
g - Wereblood             Tmut           20%        N/A       11%         2
h - Beastly Appendage     Tmut           40%        N/A       8%          1

Your spell library contained the following spells:

 Spells                   Type           Power      Damage    Failure   Level
 Animate Skeleton         Necr           26%        N/A       13%         1
 Corona                   Hex            14%        N/A       13%         1
 Magic Dart               Conj           52%        1d5       13%         1
 Pain                     Necr           52%        1d6       13%         1
 Searing Ray              Conj           26%        3d4       19%         2
 Confusing Touch          Hex            13%        N/A       30%         3
 Dazzling Flash           Conj/Hex       26%        N/A       30%         3
 Gell's Gravitas          Tloc           6%         N/A       30%         3
 Vampiric Draining        Necr           6%         2d6       30%         3
 Ice Form                 Ice/Tmut       16%        N/A       50%         4
 Petrify                  Tmut/Erth      16%        N/A       50%         4
 Animate Dead             Necr           6%         N/A       63%         4
 Fulminant Prism          Conj/Hex       6%         3d7       63%         4
 Iskenderun's Mystic Bla  Conj/Tloc      13%        2d5       63%         4
 Hydra Form               Tmut           10%        N/A       69%         5
 Yara's Violent Unravell  Hex/Tmut       8%         3d5       82%         5
 Agony                    Necr           13%        N/A       90%         5
 Metabolic Englaciation   Hex/Ice        6%         N/A       90%         5


Dungeon Overview and Level Annotations

Branches:
Dungeon (6/15)              Sewer (visited)
 Temple: D:4-7

Altars:
Cheibriados
Vehumet
Yredelemnul


Innate Abilities, Weirdness & Mutations

You are a venomous arachnid creature.
You have poisonous fangs.
You are tiny and dextrous.
Your spellcasting is less reliable in this form.
Your armour is entirely melded.
You are incapable of wielding weapons or throwing items.
((You have very sharp teeth.))
Your uncanny sense of smell can sniff out nearby items.
Your experience applies equally to all skills.


Message History

* * * LOW HITPOINT WARNING * * *
The killer bee zombie completely misses you.
The orc wizard misses you.
You hit the orc wizard.
The orc wizard looks as sick as possible!
The orc wizard is severely wounded.
You hiss as the wereblood boils in your veins!
Your transformation is almost over.
You kill the orc wizard!
Cheibriados appreciates the change of pace.
The killer bee zombie completely misses you.
The orc completely misses you.
The killer bee zombie barely misses you.
You hit the orc.
You kill the orc!
Cheibriados appreciates the change of pace.
The killer bee zombie hits you.
* * * LOW HITPOINT WARNING * * *
You bite the killer bee zombie!
The killer bee zombie is heavily damaged.
The killer bee zombie completely misses you. x2
You bite the killer bee zombie!
The killer bee zombie is almost destroyed.
The killer bee zombie completely misses you.
The orc priest begins to cast a cantrip, but forgets the words!
You bite the killer bee zombie!
You destroy the killer bee zombie!
Cheibriados thoroughly appreciates the change of pace.
You hit the orc priest.
The orc priest is poisoned.
The orc priest is lightly wounded.
The orc priest completely misses you.
You hit the orc priest.
The orc priest is heavily wounded.
You hiss as the wereblood boils in your veins!
You hit the orc priest.
The orc priest looks as sick as possible!
The orc priest is severely wounded.
The orc priest calls down the wrath of Beogh upon you.
Beogh smites you!
You die...

∆ ∆ ∆ ### ... # . #...#
.∆ #.#. #. #.. #####
#.####o# #...# #
#....)s# # #.#.#
#.#...##)#.# #.#.##
........>..# #.#..#
..##..#.###########.#.##
#....................#
#......##########.####
#.#........... #.# ....
.. #....######. #.# ....
#. #..... #.#


You could see an orc priest (extremely poisoned).

Vanquished Creatures
  A sky beast (D:5)
  A black bear (D:5)
  An orc warrior (D:6)
  An ogre (D:5)
  2 kobold brigands
  A scorpion (D:4)
  A wyvern zombie (D:6)
  2 centaur zombies
  2 bullfrog zombies (D:5)
  A jelly (D:6)
  An orc priest (D:6)
  Jessica (D:3)
  A scorpion zombie (D:5)
  5 orc wizards
  A killer bee zombie (D:6)
  A hound zombie (D:5)
  A howler monkey skeleton (D:5)
  7 adders
  7 river rats (Sewer)
  A white imp (D:6)
  2 worms
  The ghost of Iwannabefree the Sneak, a weakling NaDe (D:5)
  2 dart slugs
  An orc (D:6)
  A bat (D:1)
  8 endoplasms
  6 giant cockroaches
  4 goblins
  6 hobgoblins
  10 jackals
  4 quokkas
  15 ball pythons
  5 frilled lizards
  32 kobolds
  25 rats
161 creatures vanquished.

Vanquished Creatures (others)
  15 plants (D:2)
15 creatures vanquished.

Grand Total: 176 creatures vanquished

Notes
Turn   | Place    | Note
-------+----------+-------------------------------------------
     0 | D:1      | Lanoc the Gnoll Transmuter began the quest for the Orb.
     0 | D:1      | Reached XP level 1. HP: 17/17 MP: 6/6
     1 | D:1      | Found a runed translucent door.
   102 | D:1      | Reached XP level 2. HP: 23/23 MP: 7/7
   106 | D:1      | Learned a level 2 spell: Wereblood
  1362 | D:1      | Reached XP level 3. HP: 26/28 MP: 5/9
  1367 | D:1      | Reached skill level 5 in Spellcasting
  1383 | D:1      | Reached skill level 1 in Invocations
  1827 | D:2      | Reached skill level 1 in Short Blades
  1827 | D:2      | Reached skill level 1 in Long Blades
  1827 | D:2      | Reached skill level 1 in Axes
  1827 | D:2      | Reached skill level 1 in Maces & Flails
  1827 | D:2      | Reached skill level 1 in Polearms
  1827 | D:2      | Reached skill level 1 in Staves
  1827 | D:2      | Reached skill level 1 in Slings
  1827 | D:2      | Reached skill level 1 in Bows
  1827 | D:2      | Reached skill level 1 in Crossbows
  1827 | D:2      | Reached skill level 1 in Throwing
  1827 | D:2      | Reached skill level 1 in Armour
  1827 | D:2      | Reached skill level 1 in Stealth
  1827 | D:2      | Reached skill level 1 in Shields
  1827 | D:2      | Reached skill level 1 in Evocations
  2052 | D:2      | Reached XP level 4. HP: 30/34 MP: 7/11
  2842 | D:3      | Noticed Jessica
  2849 | D:3      | Killed Jessica
  2850 | D:3      | Reached skill level 1 in Conjurations
  2850 | D:3      | Reached skill level 1 in Hexes
  2850 | D:3      | Reached skill level 1 in Summonings
  2850 | D:3      | Reached skill level 1 in Necromancy
  2850 | D:3      | Reached skill level 1 in Translocations
  2850 | D:3      | Reached skill level 1 in Fire Magic
  2850 | D:3      | Reached skill level 1 in Ice Magic
  2850 | D:3      | Reached skill level 1 in Air Magic
  2850 | D:3      | Reached skill level 1 in Earth Magic
  2850 | D:3      | Reached skill level 1 in Poison Magic
  2872 | D:3      | Identified Jessica's Reference Book on Beguiling
  3058 | D:4      | Reached XP level 5. HP: 34/40 MP: 8/12
  3200 | D:4      | Reached XP level 6. HP: 6/47 MP: 11/13
  3242 | D:4      | Noticed a necrophage
  3310 | D:4      | Noticed a black bear
  3328 | D:4      | Found a glowing drain.
  3337 | Sewer    | Entered a sewer
  4062 | Sewer    | Reached skill level 5 in Dodging
  4997 | D:4      | Found a radiant altar of Vehumet.
  5014 | D:4      | Reached XP level 7. HP: 25/52 MP: 12/15
  5254 | D:5      | Entered Level 5 of the Dungeon
  5259 | D:5      | Reached skill level 7 in Unarmed Combat
  5263 | D:5      | Learned a level 3 spell: Spider Form
  5380 | D:5      | Found a snail-covered altar of Cheibriados.
  5420 | D:5      | Became a worshipper of Cheibriados the Contemplative
  5516 | D:5      | Found a basalt altar of Yredelemnul.
  5919 | D:5      | Found a runed translucent gate.
  5919 | D:5      | Found a runed translucent gate.
  5919 | D:5      | Found a runed translucent gate.
  5921 | D:5      | Noticed Iwannabefree's ghost (weakling NaDe)
  6163 | D:5      | Reached XP level 8. HP: 17/60 MP: 13/16
  6841 | D:5      | Killed Iwannabefree's ghost
  7138 | D:6      | Reached * piety under Cheibriados
  7508 | D:6      | Killed from afar by an orc priest

Illustrated notes

Levels and vault maps discovered:
D:1:      dpeg_arrival_caged_fury, layout_basic
D:2:      layout_rooms, lexackson_kobold_supper
D:3:      layout_loops_ring, minmay_crystal_room, kennysheep_jessica_study
D:4:      layout_rooms, overflow_temple_1_default,
          cheibrodos_sewer_entry_sluice, minmay_a_box_with_orc_wizards_in_it
D:5:      layout_gridville, amcnicky_altar_gilded,
          nicolae_yredelemnul_corpse_copse, gammafunk_ghost_nasty_kobolds,
          serial_rivers, chequers_serial_rivers_large_a,
          chequers_serial_rivers_small_3, chequers_serial_rivers_micro_e,
          chequers_serial_rivers_room_a, minmay_misc_feat_room
D:6:      layout_basic, nicolae_overflow_crystal_walls, minmay_misc_feat_cross,
          lemuel_another_geyser, uniq_sigmund

Skill      XL: |  1  2  3  4  5  6  7  8 |
---------------+-------------------------+-----
Spellcasting   | 5 6 |  6.1
Invocations    | 1 2 3 |  3.7
Short Blades   | 1 2 3 |  3.3
Long Blades    | 1 2 3 |  3.3
Axes           | 1 2 3 |  3.3
Maces & Flails | 1 2 3 |  3.3
Polearms       | 1 2 3 |  3.3
Staves         | 1 2 3 |  3.3
Slings         | 1 2 3 |  3.3
Bows           | 1 2 3 |  3.3
Crossbows      | 1 2 3 |  3.3
Throwing       | 1 2 3 |  3.3
Armour         | 1 2 3 |  3.3
Stealth        | 1 2 3 |  3.3
Shields        | 1 2 3 |  3.3
Evocations     | 1 2 3 |  3.3
Conjurations   | 1 2 |  2.7
Hexes          | 1 2 |  2.7
Summonings     | 1 2 |  2.7
Necromancy     | 1 2 |  2.7
Translocations | 1 2 |  2.7
Fire Magic     | 1 2 |  2.7
Ice Magic      | 1 2 |  2.7
Air Magic      | 1 2 |  2.7
Earth Magic    | 1 2 |  2.7
Poison Magic   | 1 2 |  2.7
Fighting       | 3 4 |  4.3
Transmutations | 4 |  4.7
Dodging        | 5 |  5.7
Unarmed Combat | 7 |  7.4

Action                   |  1- 3 |  4- 6 |  7- 9 || total
-------------------------+-------+-------+-------++-------
Melee: Unarmed           |   114 |   210 |   117 ||   441
       Kick              |    14 |    23 |    49 ||    86
       Headbutt          |    12 |    15 |    21 ||    48
       Bite              |     2 |    11 |    10 ||    23
       Punch             |     3 |     6 |     4 ||    13
 Cast: Beastly Appendage |    19 |    26 |    13 ||    58
       Wereblood         |     9 |    15 |     8 ||    32
       Spider Form       |       |       |     2 ||     2
  Use: Scroll            |       |     8 |       ||     8
       Potion            |       |     7 |       ||     7
 Stab: Sleeping          |       |     1 |     1 ||     2
Armor: Robe              |    17 |    43 |     9 ||    69
       Skin              |       |       |     2 ||     2
Dodge: Dodged            |    64 |   162 |   100 ||   326

Table legend: (Time is in decaauts)
 A = Elapsed time spent in this place.
 B = Non-inter-level travel time spent in this place.
 C = Inter-level travel time spent in this place.
 D = Time resting spent in this place.
 E = Time spent auto-exploring this place.
 F = Levels seen in this place.
 G = Mean time per level.
                   A        B        C        D        E       F      G
               +--------+--------+--------+--------+--------+-----+--------+
         Total |   7788 |   7594 |    194 |    421 |   5992 |   7 | 1112.6 |
       Dungeon |   6135 |   5941 |    194 |    421 |   4593 |   6 | 1022.5 |
         Sewer |   1652 |   1652 |      0 |      0 |   1398 |   1 | 1652.0 |
               +--------+--------+--------+--------+--------+-----+--------+

Top non-repeatable levels by time:
     D:5: 2109 daAuts
   Sewer: 1652 daAuts
     D:1: 1561 daAuts
     D:3: 952 daAuts
     D:2: 722 daAuts
     D:6: 452 daAuts
     D:4: 337 daAuts
